 Dungeon Crawl Stone Soup version 0.29.1-1-gd02db6906a (webtiles) character file.

Game seed: 4111531624622505972

8635 mtoz the Geomancer (level 11, -1/48 HPs)
             Began as a Gargoyle Earth Elementalist on Oct 1, 2022.
             Was a Follower of Hepliaklqana.
             Slain by a manticore (4 damage)
             ... on level 2 of the Lair of Beasts.
             The game lasted 00:56:30 (9846 turns).

mtoz the Geomancer (Gargoyle Earth Elementalist)    Turns: 9846, Time: 00:56:31

Health: -1/48      AC: 30    Str: 13    XL:     11   Next: 34%
Magic:  18/20      EV: 10    Int: 25    God:    Hepliaklqana [*.....]
Gold:   2100       SH:  0    Dex: 10    Spells: 8/22 levels left

rFire   + + .      SeeInvis .   C - staff of earth
rCold   + + .      Faith    .   (no shield)
rNeg    + . .      Spirit   .   h - +6 scale mail of Lifelessness {*Slow rC++}
rPois   ∞          Reflect  .   v - +1 helmet
rElec   +          Harm     .   (no cloak)
rCorr   .          Rampage  .   B - +2 pair of gloves of the Bespelling Gods {rF++}
Will    .....                   o - +2 pair of boots
Stlth   ++........              l - amulet of regeneration
HPRegen 0.96/turn               i - ring of wizardry
MPRegen 0.17/turn               r - +6 ring of intelligence

@: hasted, very quick
A: reduced essence, sickness immunity, AC +8, negative energy resistance 1,
electricity resistance, torment resistance 1, petrification resistance, talons 1
a: Renounce Religion, Recall Ancestor, Ancestor Identity


You were on level 2 of the Lair of Beasts.
You worshipped Hepliaklqana.
Hepliaklqana was aware of your devotion.
You visited 3 branches of the dungeon, and saw 11 of its levels.

You collected 2100 gold pieces.

Inventory:

Hand Weapons
 F - the +1 trident "Bugodaeb" {vamp, rElec rCorr Str+4}
   (You found it on level 7 of the Dungeon)

   It occasionally heals its wielder for a portion of the damage dealt when it
   wounds a living foe.
   Str:       It affects your strength (+4).
   rElec:     It insulates you from electricity.
   rCorr:     It protects you from acid and corrosion.
Armour
 a - a +1 robe
 b - a +3 leather armour of poison resistance
 h - the +6 scale mail of Lifelessness (worn) {*Slow rC++}
   (You found it on level 2 of the Dungeon)

   rC:        It greatly protects you from cold.
   *Slow:     It may slow you when you take damage.
 j - a +1 chain mail of willpower
 o - a +2 pair of boots (worn)
 v - a +1 helmet (worn)
 B - the +2 pair of gloves of the Bespelling Gods (worn) {rF++}
   (You acquired it on level 6 of the Dungeon)

   rF:        It greatly protects you from fire.
Magical Staves
 C - a staff of earth (weapon)
Jewellery
 c - a ring of willpower
 i - a ring of wizardry (left hand)
 k - a ring of positive energy
 l - an amulet of regeneration (around neck)
 r - a +6 ring of intelligence (right hand)
 u - a ring of fire
 E - a ring of willpower
 K - a +6 ring of intelligence
Wands
 s - a wand of mindburst (10)
 t - a wand of light (13)
 w - a wand of polymorph (12)
 y - a wand of flame (20)
 D - a wand of digging (5)
Scrolls
 d - 2 scrolls of magic mapping
 g - 6 scrolls of teleportation
 m - 2 scrolls of butterflies
 x - a scroll of fear
 G - 3 scrolls of identify
Potions
 e - a potion of ambrosia
 f - 3 potions of flight
 n - 2 potions of lignification
 p - a potion of attraction
 q - a potion of might
 z - a potion of haste
 A - a potion of magic
 H - 2 potions of curing
 I - a potion of cancellation {unknown}
 J - a potion of heal wounds {unknown}


   Skills:
 - Level 5.6 Armour
 + Level 5.3 Dodging
 + Level 7.9 Stealth
 + Level 6.0 Spellcasting
 - Level 4.7 Conjurations
 + Level 5.0 Transmutations
 + Level 8.4 Earth Magic
 + Level 3.6 Poison Magic
 + Level 3.6 Invocations
 + Level 5.0 Evocations


You had 8 spell levels left.
You knew the following spells:

 Your Spells              Type           Power      Damage    Failure   Level
a - Sandblast             Erth           100%       2d20      1%          1
b - Passwall              Tmut/Erth      48%        N/A       1%          2
c - Stone Arrow           Conj/Erth      100%       3d13      2%          3
d - Petrify               Tmut/Erth      58%        N/A       8%          4
e - Sting                 Tmut/Pois      100%       1d8       1%          1
f - Poisonous Vapours     Pois/Air       32%        N/A       9%          2
g - Shock                 Conj/Air       76%        1d7       4%          1

Your spell library contained the following spells:

 Spells                   Type           Power      Damage    Failure   Level
 Leda's Liquefaction      Hex/Erth       21%        N/A       21%         4
 Olgreb's Toxic Radiance  Pois           25%        N/A       26%         4
 Call Canine Familiar     Summ           7%         N/A       32%         3
 Inner Flame              Hex/Fire       7%         N/A       32%         3
 Portal Projectile        Hex/Tloc       14%        N/A       32%         3
 Swiftness                Air            7%         N/A       32%         3
 Tukima's Dance           Hex            7%         N/A       32%         3
 Blade Hands              Tmut           16%        N/A       38%         5
 Irradiate                Conj/Tmut      15%        3d16      41%         5
 Airstrike                Air            3%         2d(1-17)  71%         4
 Cause Fear               Hex            3%         N/A       71%         4
 Passage of Golubria      Tloc           7%         N/A       71%         4
 Yara's Violent Unravell  Hex/Tmut       10%        3d6       71%         5
 Dragon Form              Tmut           16%        N/A       100%        7
 Discord                  Hex            3%         N/A       100%        8


Dungeon Overview and Level Annotations

Branches:
Dungeon (8/15)             Temple (1/1) D:7            Lair (2/5) D:8
 Shoals (0/4) Lair:2
  Snake: Lair:2-3    Spider: Lair:2-3

Altars:
Ashenzari
Cheibriados
Elyvilon
Fedhas
Gozag
Hepliaklqana
Kikubaaqudgha
Makhleb
Nemelex Xobeh
Okawaru
Qazlal
Sif Muna
Trog
Uskayaw
Vehumet
Wu Jian
Yredelemnul
Zin
The Shining One

Annotations:
Lair:1 2 transporters, LychAStronaut's ghost, novice SpBr


Innate Abilities, Weirdness & Mutations

Your life essence is reduced to manifest your ancestor. (-10% HP)
You are immune to sickness and miasma.
Your stone body is resilient. (AC +8)
You are immune to poison.
You resist negative energy. (rN+)
You are resistant to electric shocks. (rElec)
You are resistant to unholy torment.
You are immune to petrification.
You have sharp toenails.


Message History

Amyrtaeus closely misses the wind drake.
Aiming: Mindburst
Press: ? - help, Shift-Dir - straight line, f/p - wind drake
Aim: a wind drake (heavily wounded, repelling missiles, ally target, chance to affect: 67%)
The wind drake struggles to resist.
The wind drake exhales a fierce blast of wind!
You are blown backwards!
Amyrtaeus is blown away by the wind.
Aiming: Sandblast (safe; 1% risk of failure)
Press: ? - help, Q - select action, (/) - cycle Shift-Dir - straight line, f/p - wind drake
Aim: a wind drake (heavily wounded, repelling missiles, catching its breath, ally target, 57% to hit)
You feel a surge of power!
The blast of sand misses the wind drake.
The blast of sand hits the manticore!
The manticore is moderately wounded.
Amyrtaeus hits the wind drake.
Aiming: Bolt of Light
Press: ? - help, Shift-Dir - straight line, f - polar bear, p - wind drake
Aim: a polar bear (81% to hit)
The bolt of light hits the komodo dragon!
The komodo dragon is moderately wounded.
The komodo dragon is blinded.
The bolt of light misses the polar bear.
The wind drake bites Amyrtaeus!
Amyrtaeus closely misses the wind drake.
The wind drake exhales a fierce blast of wind!
Amyrtaeus is blown away by the wind.
Aiming: Mindburst
Press: ? - help, Shift-Dir - straight line, f/p - polar bear
Aim: a polar bear (chance to affect: 81%)
The komodo dragon struggles to resist.
You carefully extract the barbed spikes from your body.
The komodo dragon bites you! The manticore bites you!
The manticore claws you but does no damage.
The manticore barely misses you.
Okay, then.
You feel yourself speed up.
The wind drake misses Amyrtaeus.
The komodo dragon closely misses you. The manticore bites you!
* * * LOW HITPOINT WARNING * * *
The manticore claws you.
You die...

# ## ###
##.#.#######P.#.
#......@lh......
#.......H.......
#.......k.......
#........R.>>...
#.......<...<...
#...............
#...##P.>...#..#
#P.# #P.....####
##. ##....#.#


You could see the friendly Amyrtaeus the ancestor, a wind drake (repels
missiles, distracted, catching breath, ally target), a manticore, a polar bear
and a komodo dragon (blind).

Vanquished Creatures
  Pikel (D:5)
  2 manticores (D:7)
  An elephant (D:8)
  Joseph (D:8)
  A black mamba (Lair:1)
  A cane toad (Lair:1)
  A rime drake (Lair:1)
  4 komodo dragons (Lair:1)
  A hornet (D:8)
  Grinder (D:3)
  The ghost of dunno567 the Grave Robber, an amateur DENe (D:5)
  2 wyverns
  Eustachio (D:5)
  2 basilisks
  3 yaks (D:8)
  Menkaure (D:5)
  Edmund (D:5)
  Duvessa (D:6)
  8 water moccasins
  An orc warrior (D:8)
  A sky beast (D:8)
  An ice beast (D:6)
  2 black bears
  An ogre (D:5)
  2 centaurs
  A lemure (D:4)
  Blork the orc (D:5)
  A kobold brigand (D:8)
  2 bullfrogs
  A necrophage (D:6)
  3 scorpions
  Dowan (D:6)
  A howler monkey (D:7)
  2 jellies
  An orc priest (D:8)
  5 hounds
  2 centaur skeletons (D:5)
  5 orc wizards
  4 iguanas
  Terence (D:3)
  A mummy (D:5)
  A howler monkey zombie (D:5)
  5 gnolls
  9 adders
  2 shadow imps
  2 white imps
  A worm (D:2)
  A dart slug (D:2)
  6 orcs
  3 ball pythons
  5 endoplasms
  3 giant cockroaches
  5 goblins
  7 hobgoblins
  A jackal (D:2)
  3 quokkas
  6 bats
  3 frilled lizards (D:1)
  9 kobolds
  8 rats
154 creatures vanquished.

Vanquished Creatures (others)
  2 ancestors (Lair:1)
2 creatures vanquished.

Grand Total: 156 creatures vanquished

Notes
Turn   | Place    | Note
-------+----------+-------------------------------------------
     0 | D:1      | mtoz the Gargoyle Earth Elementalist began the quest for
                  | the Orb.
     0 | D:1      | Reached XP level 1. HP: 10/10 MP: 3/3
   206 | D:1      | Reached XP level 2. HP: 15/15 MP: 0/5
   271 | D:1      | Found a hide-covered altar of Uskayaw.
   367 | D:1      | Reached skill level 1 in Transmutations
   932 | D:2      | Reached XP level 3. HP: 19/19 MP: 4/6
  1059 | D:2      | Identified the +6 scale mail of Lifelessness {*Slow rC++}
  1103 | D:2      | Reached skill level 1 in Conjurations
  1115 | D:2      | Learned a level 2 spell: Passwall
  1119 | D:2      | Learned a level 3 spell: Stone Arrow
  1230 | D:2      | Found an ancient bone altar of Kikubaaqudgha.
  1345 | D:2      | Reached skill level 4 in Earth Magic
  1345 | D:2      | Reached XP level 4. HP: 24/24 MP: 4/7
  1385 | D:2      | Found a faded altar of an unknown god.
  1983 | D:2      | Reached skill level 1 in Armour
  1988 | D:2      | Reached XP level 5. HP: 15/28 MP: 5/8
  2355 | D:3      | Noticed Terence
  2371 | D:3      | Killed Terence
  2498 | D:3      | Noticed Grinder
  2503 | D:3      | Killed Grinder
  2504 | D:3      | Reached XP level 6. HP: 32/32 MP: 8/10
  3586 | D:4      | Reached XP level 7. HP: 36/36 MP: 7/11
  3678 | D:5      | Entered Level 5 of the Dungeon
  3940 | D:5      | Noticed Edmund
  4285 | D:5      | Noticed Eustachio
  4293 | D:5      | Killed Eustachio
  4294 | D:5      | Reached skill level 5 in Earth Magic
  4294 | D:5      | Reached skill level 1 in Evocations
  4538 | D:5      | Noticed Blork the orc
  4545 | D:5      | Killed Blork the orc
  4546 | D:5      | Reached XP level 8. HP: 35/41 MP: 6/13
  4672 | D:5      | Killed Edmund
  4781 | D:5      | Noticed Pikel
  4787 | D:5      | Killed Pikel
  4788 | D:5      | Reached skill level 5 in Stealth
  4788 | D:5      | Reached skill level 6 in Earth Magic
  4882 | D:5      | Found a transporter.
  4885 | D:5      | Noticed dunno567's ghost (amateur DENe)
  4918 | D:5      | Found a transporter.
  5060 | D:5      | Reached XP level 9. HP: 45/45 MP: 11/15
  5222 | D:5      | Noticed Menkaure
  5229 | D:5      | Killed Menkaure
  5472 | D:5      | Killed dunno567's ghost
  5814 | D:6      | Gained mutation: You have sharp toenails. [potion of
                  | mutation]
  5981 | D:6      | Found a blossoming altar of Fedhas.
  6167 | D:6      | Noticed Dowan
  6515 | D:6      | Noticed Duvessa
  6523 | D:6      | Killed Duvessa
  6529 | D:6      | Learned a level 4 spell: Petrify
  6531 | D:6      | Learned a level 1 spell: Sting
  6534 | D:6      | Learned a level 2 spell: Poisonous Vapours
  6624 | D:6      | Identified 3 scrolls of acquirement
  6624 | D:6      | Acquired 844 gold pieces
  6626 | D:6      | Acquired a staff of earth
  6631 | D:6      | Learned a level 1 spell: Shock
  6631 | D:6      | Acquired the +2 pair of gloves of the Bespelling Gods
                  | {rF++}
  6655 | D:6      | Killed Dowan
  7007 | D:7      | Found a staircase to the Ecumenical Temple.
  7015 | D:7      | Reached skill level 7 in Earth Magic
  7071 | D:7      | Identified the +1 trident "Bugodaeb" {vamp, rElec rCorr
                  | Str+4}
  7355 | D:7      | Reached skill level 5 in Armour
  7438 | D:7      | Reached skill level 1 in Poison Magic
  7438 | D:7      | Reached XP level 10. HP: 50/50 MP: 13/17
  7528 | D:7      | Noticed a manticore
  7532 | D:7      | Killed a manticore
  7533 | D:7      | Reached skill level 5 in Spellcasting
  7765 | D:7      | Acquired 769 gold pieces
  7781 | Temple   | Entered the Ecumenical Temple
  7897 | Temple   | Became a worshipper of Hepliaklqana the Forgotten
  7949 | D:8      | Noticed a manticore
  7955 | D:7      | Killed a manticore
  8113 | D:8      | Reached skill level 1 in Invocations
  8179 | D:8      | Noticed Joseph
  8422 | D:8      | Found a staircase to the Lair.
  8422 | D:8      | Noticed an elephant
  8454 | D:8      | Killed an elephant
  8738 | D:8      | Killed Joseph
  8952 | D:8      | Reached skill level 5 in Dodging
  9157 | Lair:1   | Entered Level 1 of the Lair of Beasts
  9157 | Lair:1   | Found a transporter.
  9163 | Lair:1   | Noticed a black mamba
  9164 | Lair:1   | Found a transporter.
  9168 | Lair:1   | Killed a black mamba
  9169 | Lair:1   | Reached skill level 8 in Earth Magic
  9169 | Lair:1   | Reached XP level 11. HP: 50/54 MP: 14/19
  9219 | Lair:1   | Noticed LychAStronaut's ghost (novice SpBr)
  9219 | Lair:1   | Found the ring of Shadows {Umbra +Inv Stlth+}
  9222 | Lair:1   | Noticed a moth of wrath
  9222 | Lair:1   | Noticed a moth of wrath
  9256 | Lair:1   | Reached * piety under Hepliaklqana
  9458 | Lair:1   | Reached skill level 5 in Transmutations
  9713 | Lair:1   | Reached skill level 5 in Evocations
  9834 | Lair:2   | Noticed a manticore
  9834 | Lair:2   | Found a staircase to the Shoals.
  9846 | Lair:2   | Slain by a manticore

Illustrated notes

Levels and vault maps discovered:
D:1:      dpeg_arrival_arbitrary_a, layout_basic, minmay_hexomino_r4
D:2:      layout_rooms, basic_altar, ebering_ecumenical_altar_abandoned,
          minmay_joined_circles
D:3:      cheibrodos_pilgrimage, layout_loops_ring, uniq_terence, uniq_grinder
D:4:      layout_basic
D:5:      layout_layer_cave, gammafunk_ghost_mausoleum, uniq_menkaure,
          uniq_eustachio, uniq_edmund, uniq_blork_the_orc, uniq_pikel
D:6:      layout_basic, general_overflow_altar, kennysheep_generic_room_16,
          uniq_duvessa
D:7:      layout_basic, minmay_temple_entry_statues_fountains
D:8:      layout_cave_pools, david_lair_generic, grunt_ministairs_7, uniq_joseph
Temple:   compressed_dpeg_circular_temple
Lair:1:   layout_concentric_octagons, gammafunk_ghost_berserking_beasts
Lair:2:   nzn_winding_woodlands_huge [nzn_winding_woodlands_5x15_cabin,
          nzn_winding_woodlands_5x15_pathside_ponds,
          nzn_winding_woodlands_5x15_jagged, nzn_winding_woodlands_5x15_eye,
          nzn_winding_woodlands_5x15_longhouse,
          nzn_winding_woodlands_5x15_crooked,
          nzn_winding_woodlands_5x15_lazy_stream,
          nzn_winding_woodlands_5x15_garden, nzn_winding_woodlands_5x15_parted,
          nzn_winding_woodlands_5x15_twine,
          nzn_winding_woodlands_center_triple_pond,
          nzn_winding_woodlands_center_pierced_h,
          nzn_winding_woodlands_15x15_five_gardens], layout_big_grid,
          minmay_shoals_entry_beasts

Skill      XL: |  1  2  3  4  5  6  7  8  9 10 11 |
---------------+----------------------------------+-----
Transmutations | 1 2 3 4 5 |  5.0
Conjurations   | 1 2 3 4 |  4.7
Stealth        | 3 4 5 6 7 |  7.9
Earth Magic    | 4 5 6 7 8 |  8.4
Armour         | 1 2 3 5 |  5.6
Dodging        | 2 3 4 5 |  5.3
Spellcasting   | 3 4 5 6 |  6.0
Evocations     | 1 2 3 4 5 |  5.0
Poison Magic   | 1 3 |  3.6
Invocations    | 2 3 |  3.6

Action                   |  1- 3 |  4- 6 |  7- 9 | 10-12 || total
-------------------------+-------+-------+-------+-------++-------
Melee: Unarmed           |       |     1 |       |       ||     1
 Cast: Sandblast         |    51 |    66 |   128 |    78 ||   323
       Stone Arrow       |       |       |    15 |    29 ||    44
       Petrify           |       |       |       |     2 ||     2
Evoke: Wand              |       |     4 |    17 |    14 ||    35
  Use: Scroll            |     8 |     4 |    14 |     2 ||    28
       Potion            |       |     5 |     5 |     1 ||    11
Armor: Robe              |     5 |       |       |       ||     5
       Scale mail        |     3 |    37 |    70 |    44 ||   154
Dodge: Dodged            |     6 |    22 |    59 |    37 ||   124
